 Dungeon Crawl Stone Soup version 0.32-a0-18-g89e19f1974 (webtiles) character file.

Game seed: 7355228523643249140

1480413 Drazool the Petrodigitator (level 27, 204/228 HPs)
             Began as a Deep Elf Conjurer on Jan 14, 2024.
             Was a High Priest of Sif Muna.
             Escaped with the Orb
             ... and 3 runes on Jan 17, 2024!
             The game lasted 07:16:24 (96748 turns).

Drazool the Petrodigitator (Deep Elf Conjurer)     Turns: 96748, Time: 07:16:25

Health: 204/228    AC: 30    Str:  6    XL:     27
Magic:  65/65      EV: 16    Int: 47    God:    Sif Muna [*****.]
Gold:   10353      SH:  0    Dex: 12    Spells: 5/62 levels left

rFire   + + .        Q - staff of conjuration {!a}
rCold   . . .        P - orb of Ydothrof {*Rage, rPois rF+ MP+9}
rNeg    + . .        T - melded +4 ring mail of the Lobster {Str+3}
rPois   ∞            q - +2 helmet
rElec   +            s - scarf {repulsion}
rCorr   .            K - melded +1 pair of gloves of Oblivion {Str+3 Int+2}
SInv    +            X - melded +2 pair of boots {Stlth+}
Will    ++...        d - amulet of faith {!P}
Stlth   +            v - ring of see invisible
HPRegen 0.58/turn    I - ring "Otsipoaf" {^Drain rF+ MP+9 Str+3 Int+5}
MPRegen 0.39/turn

%: random rage (20%), repel missiles, faith
@: statue-form, very slow
A: slow and powerful, torment resistance 1, boosted hp, clever 1, electricity
resistance
0: Orb of Zot
}: 3/15 runes: decaying, silver, gossamer
a: Begin Untransformation, Renounce Religion, Channel Magic, Forget Spell,
Divine Exegesis


You escaped.
You worshipped Sif Muna.
Sif Muna was extremely pleased with you.
You were a living statue of rough stone.
You visited 9 branches of the dungeon, and saw 47 of its levels.
You visited 1 bazaar.
You visited 1 ziggurat, and saw 6 of its levels.
You also visited: Ossuary and Bailey.

You collected 11783 gold pieces.
You spent 1430 gold pieces at shops.


Innate Abilities, Weirdness & Mutations

You are a living statue of rough stone.
Your actions are slow, but your melee attacks are powerful.
You are resistant to unholy torment.
Your maximum health is greatly increased.
Your equipment is partially melded.
You are immune to poison.
Your mind is acute. (Int +4, Str/Dex -1)
You are resistant to electric shocks. (rElec)


   Skills:
 + Level 19.0 Fighting
 - Level 10.0 Dodging
 - Level 6.0 Stealth
 - Level 18.0 Spellcasting
 - Level 18.0 Conjurations
 - Level 12.0 Summonings
 - Level 10.0 Translocations
 - Level 9.0 Ice Magic
 - Level 8.1 Air Magic
 O Level 27 Earth Magic
 - Level 6.0 Alchemy
 - Level 18.0 Invocations
 - Level 10.0 Evocations
 - Level 16.0 Shapeshifting


You had 5 spell levels left.
You knew the following spells:

 Your Spells              Type           Power      Damage    Failure   Level
b - Lehudib's Crystal Sp  Conj/Erth      77%        10d17     1%          8
c - Freezing Cloud        Conj/Ice/Air   61%        6-21      1%          5
d - Orb of Destruction    Conj           71%        9d16      1%          7
f - Fulminant Prism       Conj/Alch      62%        3d26      1%          4
l - Summon Lightning Spi  Summ/Air       95%        N/A       1%          4
p - Spellforged Servitor  Conj/Summ      67%        N/A       1%          7
t - Teleport Other        Tloc           94%        N/A       1%          3
S - Shatter               Erth           69%        3d51*     1%          9
X - Iskenderun's Mystic   Conj/Tloc      100%       2d19      0%          4
Y - Bombard               Conj/Erth      77%        9d12      0%          6

Your spell library contained the following spells:

 Spells                   Type           Power      Damage    Failure   Level
 Foxfire                  Conj/Fire      100%       2x1d9     0%          1
 Freeze                   Ice            100%       1d10      0%          1
 Kiss of Death            Conj/Necr      100%       2d13      0%          1
 Magic Dart               Conj           100%       1d8       0%          1
 Sandblast                Erth           100%       2d20      0%          1
 Shock                    Conj/Air       100%       1d9       0%          1
 Sting                    Conj/Alch      100%       1d9       0%          1
 Summon Small Mammal      Summ           100%       N/A       0%          1
 Blink                    Tloc           100%       N/A       0%          2
 Call Imp                 Summ           100%       N/A       0%          2
 Lesser Beckoning         Tloc           100%       N/A       0%          2
 Momentum Strike          Conj/Tloc      100%       3d10      0%          2
 Searing Ray              Conj           100%       2d8       0%          2
 Static Discharge         Conj/Air       100%       3-8/arc   0%          2
 Call Canine Familiar     Summ           100%       N/A       0%          3
 Hailstorm                Conj/Ice       100%       3d16      0%          3
 Passwall                 Erth           100%       N/A       0%          3
 Stone Arrow              Conj/Erth      100%       3d13      0%          3
 Animate Armour           Summ/Erth      100%       N/A       0%          4
 Brom's Barrelling Bould  Conj/Erth      100%       2d11      0%          4
 Leda's Liquefaction      Alch/Erth      57%        N/A       0%          4
 Petrify                  Alch/Erth      100%       N/A       0%          4
 Iskenderun's Battlesphe  Conj           100%       2d15      0%          5
 Lee's Rapid Deconstruct  Erth           69%        3d31*     0%          5
 Slow                     Hex            100%       N/A       1%          1
 Cigotuvi's Dreadful Rot  Necr/Alch/Air  100%       N/A       1%          2
 Ensorcelled Hibernation  Hex/Ice        100%       N/A       1%          2
 Jinxbite                 Hex            84%        N/A       1%          2
 Mercury Vapours          Alch/Air       100%       N/A       1%          2
 Scorch                   Fire           84%        2d8       1%          2
 Confusing Touch          Hex            42%        N/A       1%          3
 Dazzling Flash           Conj/Hex       100%       N/A       1%          3
 Frozen Ramparts          Ice            100%       1d16      1%          3
 Gell's Gravitas          Tloc           94%        N/A       1%          3
 Inner Flame              Hex/Fire       42%        N/A       1%          3
 Mephitic Cloud           Conj/Alch/Air  100%       N/A       1%          3
 Ozocubu's Armour         Ice            91%        N/A       1%          3
 Sigil of Binding         Hex            42%        N/A       1%          3
 Summon Ice Beast         Ice/Summ       96%        N/A       1%          3
 Swiftness                Air            87%        N/A       1%          3
 Tukima's Dance           Hex            42%        N/A       1%          3
 Vampiric Draining        Necr           42%        2d9       1%          3
 Volatile Blastmotes      Fire/Tloc      100%       2d18      1%          3
 Airstrike                Air            43%        2d(7-23)  1%          4
 Dimensional Bullseye     Hex/Tloc       36%        N/A       1%          4
 Flame Wave               Conj/Fire      100%       2d21      1%          4
 Ignite Poison            Fire/Alch      63%        N/A       1%          4
 Manifold Assault         Tloc           94%        N/A       1%          4
 Martyr's Knell           Necr/Summ      78%        N/A       1%          4
 Olgreb's Toxic Radiance  Alch           78%        N/A       1%          4
 Passage of Golubria      Tloc           94%        N/A       1%          4
 Sticky Flame             Fire/Alch      63%        2d11      1%          4
 Summon Blazeheart Golem  Fire/Summ      78%        N/A       1%          4
 Vhi's Electric Charge    Tloc/Air       100%       N/A       1%          4
 Alistair's Intoxication  Alch           52%        N/A       1%          5
 Arcjolt                  Conj/Air       64%        1d74      1%          5
 Borgnjor's Vile Clutch   Necr/Erth      53%        N/A       1%          5
 Fireball                 Conj/Fire      56%        3d22      1%          5
 Irradiate                Conj/Alch      62%        3d32      1%          5
 Metabolic Englaciation   Hex/Ice        35%        N/A       1%          5
 Summon Forest            Summ/Tloc      49%        N/A       1%          5
 Summon Mana Viper        Hex/Summ       78%        N/A       1%          5
 Silence                  Hex/Air        34%        N/A       2%          5
 Anguish                  Hex/Necr       21%        N/A       4%          4
 Animate Dead             Necr           42%        N/A       4%          4
 Cause Fear               Hex            21%        N/A       4%          4
 Curse of Agony           Necr           42%        N/A       13%         5
 Conjure Ball Lightning   Conj/Air       64%        3x3d23    1%          6
 Dispersal                Tloc           47%        N/A       1%          6
 Starburst                Conj/Fire      56%        6d15      1%          6
 Summon Cactus Giant      Summ           50%        N/A       1%          6
 Sculpt Simulacrum        Ice/Alch       42%        N/A       3%          6
 Monstrous Menagerie      Summ           50%        N/A       3%          7
 Summon Hydra             Summ           50%        N/A       3%          7
 Malign Gateway           Summ/Tloc      49%        N/A       4%          7
 Eringya's Noxious Bog    Alch           39%        4d6       6%          6
 Ozocubu's Refrigeration  Ice            45%        4d17      10%         7
 Plasma Beam              Fire/Air       34%        2x1d47    14%         6
 Summon Horrible Things   Summ           50%        N/A       22%         8
 Haunt                    Necr/Summ      39%        N/A       34%         7
 Disjunction              Tloc           47%        N/A       45%         8
 Death Channel            Necr           21%        N/A       58%         6
 Maxwell's Capacitive Co  Air            43%        ∞         73%         8
 Chain Lightning          Conj/Air       64%        3d85      92%         9
 Dragon's Call            Summ           50%        N/A       98%         9
 Enfeeble                 Hex            21%        N/A       99%         7
 Borgnjor's Revivificati  Necr           21%        N/A       100%        8
 Discord                  Hex            21%        N/A       100%        8
 Death's Door             Necr           21%        N/A       100%        9
 Fire Storm               Conj/Fire      56%        8d14      100%        9
 Polar Vortex             Ice            45%        12d6*     100%        9
 Sublimation of Blood     Necr           Unusable   N/A       N/A         2

Inventory:

Missiles
 J - 4 throwing nets {=f}
Armour
 q - a +2 helmet (worn)
 s - a scarf of repulsion (worn)
 K - the +1 pair of gloves of Oblivion (melded) {Str+3 Int+2}
   (You acquired it in a bailey)

   Str+3:     It affects your strength (+3).
   Int+2:     It affects your intelligence (+2).
 P - the orb of Ydothrof (worn) {*Rage, rPois rF+ MP+9}
   (You found it on level 2 of the Swamp)

   rF+:       It protects you from fire.
   rPois:     It protects you from poison MP+9: It affects your magic capacity
   (+9).
 T - the +4 ring mail of the Lobster (melded) {Str+3}
   (You found it on level 13 of the Dungeon)

   Str+3:     It affects your strength (+3).
 X - a +2 pair of boots of stealth (melded)
Magical Staves
 Q - a staff of conjuration (weapon) {!a}
Jewellery
 d - an amulet of faith (around neck) {!P}
 f - the ring of the Terrible God {rPois rF++ Str-2 Dex+6 Stlth+}
   (You found it on level 1 of the Vaults)

   [ring of dexterity]

   Str-2:     It affects your strength (-2).
   Dex+6:     It affects your dexterity (+6).
   rF++:      It greatly protects you from fire.
   rPois:     It protects you from poison Stlth+: It makes you more stealthy.
 v - a ring of see invisible (left fist)
 C - a ring of ice
 I - the ring "Otsipoaf" (right fist) {^Drain rF+ MP+9 Str+3 Int+5}
   (You bought it in a shop on level 1 of the Elven Halls)

   [ring of magical power]

   Str+3:     It affects your strength (+3).
   Int+5:     It affects your intelligence (+5).
   rF+:       It protects you from fire.
   MP+9:      It affects your magic capacity (+9).
   ^Drain:    It drains your maximum health when unequipped.
 L - a ring of flight
 R - the ring "Maef" {rC+ rCorr}
   (You found it on level 5 of the Lair of Beasts)

   [ring of protection from cold]

   rC+:       It protects you from cold.
   rCorr:     It protects you from acid and corrosion.
 W - a ring of willpower
Talismans
 e - a granite talisman (active)
Wands
 w - a wand of roots (95)
 y - a wand of light (27)
 z - a wand of paralysis (45)
 A - a wand of flame (138)
 N - a wand of polymorph (15)
 O - a wand of mindburst (41)
 U - a wand of digging (7)
Scrolls
 i - a scroll of revelation
 j - 6 scrolls of fear
 o - 19 scrolls of teleportation {@r2}
 p - 12 scrolls of enchant armour
 t - 13 scrolls of fog
 x - 17 scrolls of enchant weapon
 F - a scroll of blinking
 G - 12 scrolls of noise
 V - 8 scrolls of poison
 Y - 6 scrolls of vulnerability
 Z - 4 scrolls of brand weapon
Potions
 a - 7 potions of magic
 b - a potion of lignification
 g - 9 potions of might
 h - 9 potions of heal wounds {@q2}
 k - 10 potions of ambrosia
 m - 5 potions of cancellation
 n - 3 potions of resistance
 r - 28 potions of curing {@q1}
 u - 4 potions of invisibility
 B - 8 potions of brilliance
 D - 8 potions of attraction
 E - 5 potions of haste {@q3}
 M - 15 potions of mutation
 S - 8 potions of enlightenment
Miscellaneous
 c - a phial of floods
 l - a lightning rod (4/4)
 H - a tin of tremorstones (2/2)

Dungeon Overview and Level Annotations

Branches:
Dungeon (15/15)            Temple (0/1) D:6            Lair (5/5) D:9
  Swamp (4/4) Lair:3       Spider (4/4) Lair:2        Slime (0/5) Lair:4
    Orc (2/2) D:11            Elf (3/3) Orc:2        Vaults (5/5) D:14
  Crypt (0/3) Vaults:2     Depths (4/4) D:15            Zot (5/5) Depths:4
Ossuary (visited)          Bailey (visited)

Altars:
Ashenzari
Cheibriados
Dithmenos
Elyvilon
Gozag
Hepliaklqana
Kikubaaqudgha
Nemelex Xobeh
Okawaru
Ru
Sif Muna
Uskayaw
Vehumet
Wu Jian
Xom
The Shining One
Jiyva

Shops:
D:6 **   D:7 *   D:15 [!   Orc:1 ((*   Orc:2 *[(??   Elf:1 **=(   Vaults:2 *
Vaults:4 *   Zot:2 *

Portals:
Hell: Depths:1 Depths:2 Depths:3 Depths:4
Abyss: Depths:3
Pandemonium: Depths:1 Depths:2 Depths:3

Annotations:
D:11 4 runed translucent doors
Spider:3 2 transporters
Elf:1 3 runed translucent doors, Jabb's ghost, adept DsGl
Elf:2 3 runed translucent doors
Vaults:1 36 runed translucent doors
Vaults:4 36 runed translucent doors
Depths:1 3 runed translucent doors
Depths:2 exclusion: orange crystal statue

#.# #.######.# #☼°.°..# ##. #.#
#.# #.#### #§########.# #.# #.#
####.♣♣.♣###.# #...## #†#
##.###∩♣.♣.♣.♣♣.§☼# #.##.#
#.####...#§§♣♣.8.8♣.♣.♣# #.###.
#.......○§♣♣§♣8...8.♣♣.# #.# #.
#####....§§♣☼8..⌠..8♣♣.♣####.###.
#....♣♣○8§......8.♣♣......##.
#.....♣♣..⌠.8.⌠......###.....
#....♣.♣8.......8♣.♣#........
#...#♣.♣.8..⌠..8§♣.♣.....####
#...##♣♣.♣8...8♣§♣♣##.##.#
#####...##..♣♣.8.8♣§♣§♣ #.##.####
........##..○.♣♣.○♣§☼☼# #.##.....
######..#.....♣.♣♣☼#### #.##.####
#..##...#####§## #.##.#
#..##...## ##.## #.##.#


There were no monsters in sight!


Message History

You are too injured to fight recklessly!
Unknown command.
Aiming: Bombard (safe; 0% risk of failure)
Press: ? - help, Q - select action, (/) - cycle Shift-Dir - straight line, f/p - Ice Fiend
Aim: an Ice Fiend (heavily wounded, ally target, 92% to hit)
You feel a surge of power!
The iron shot hits the Ice Fiend!!!
You kill the Ice Fiend!
Sif Muna accepts your kill. The blast sends you backwards.
There is an open door here.
Your spellforged servitor disappears in a puff of smoke!
There is an open door here.
You see here a +0 mace.
Things that are here:
a +0 dagger; a +0 animal skin; a +0 trident
Things that are here:
a +0 club; a +0 dagger
There is a stone staircase leading up, spattered with blood here.
You climb upwards.
There is a stone staircase leading down here.
Unknown command.
Things that are here:
4 stones; a +0 dagger
Aiming: Dig
Press: ? - help, Shift-Dir - straight line A rock wall.
This square is covered in magical glow.
The rock shatters into small pieces.
There is a staircase leading out of the dungeon here.
You have escaped!

Skill      XL: |  1  2  3  4  5  6  7  8  9 10 11 12 13 14 15 16 17 18 19 20 21 22 23 24 25 26 27 |
---------------+----------------------------------------------------------------------------------+-----
Conjurations   | 5 6 7 8 9 10 12 14 15 17 18 | 18.0
Fighting       | 1 4 5 10 11 12 14 16 17 19 | 19.0
Alchemy        | 1 4 6 |  6.0
Dodging        | 3 4 5 7 10 | 10.0
Spellcasting   | 5 6 7 8 10 15 16 18 | 18.0
Translocations | 1 5 10 | 10.0
Invocations    | 5 7 10 13 17 18 | 18.0
Evocations     | 3 5 10 | 10.0
Earth Magic    | 2 5 8 9 12 16 17 20 23 25 26 27 | 27.0
Stealth        | 4 6 |  6.0
Summonings     | 7 8 12 | 12.0
Ice Magic      | 4 8 9 |  9.0
Air Magic      | 6 7 8 |  8.1
Shapeshifting  | 10 15 16 | 16.0

Action                     |  1- 3 |  4- 6 |  7- 9 | 10-12 | 13-15 | 16-18 | 19-21 | 22-24 | 25-27 || total
---------------------------+-------+-------+-------+-------+-------+-------+-------+-------+-------++-------
  Melee: Whip              |       |     1 |    27 |     1 |       |       |       |       |       ||    29
         Punch             |       |       |     1 |       |       |       |       |       |       ||     1
         Staff             |       |       |       |     1 |    21 |     9 |       |       |       ||    31
   Cast: Magic Dart        |    23 |    42 |   100 |    53 |    21 |       |       |       |       ||   239
         Searing Ray       |    13 |    30 |    62 |    32 |     4 |     1 |       |       |       ||   142
         Fulminant Prism   |       |       |    53 |   157 |    46 |       |     2 |     1 |       ||   259
         Iskenderun's Myst |       |       |     6 |    37 |    84 |    90 |     8 |    12 |     7 ||   244
         Stone Arrow       |       |       |       |    21 |    48 |    38 |       |       |       ||   107
         Summon Ice Beast  |       |       |       |     4 |     7 |       |       |       |       ||    11
         Freezing Cloud    |       |       |       |    39 |   244 |    78 |    11 |     8 |     1 ||   381
         Summon Lightning  |       |       |       |     5 |   109 |    15 |     1 |       |       ||   130
         Airstrike         |       |       |       |       |    10 |       |       |       |       ||    10
         Bombard           |       |       |       |       |       |   286 |   439 |   268 |   130 ||  1123
         Orb of Destructio |       |       |       |       |       |    97 |    55 |   110 |   126 ||   388
         Spellforged Servi |       |       |       |       |       |    43 |   141 |   103 |    30 ||   317
         Discord           |       |       |       |       |       |     1 |       |     1 |       ||     2
         Lehudib's Crystal |       |       |       |       |       |       |    23 |   135 |    86 ||   244
         Shatter           |       |       |       |       |       |       |       |     3 |     9 ||    12
         Death's Door      |       |       |       |       |       |       |       |     2 |       ||     2
         Disjunction       |       |       |       |       |       |       |       |     1 |       ||     1
 Invoke: Channel Magic     |       |       |     3 |     9 |     8 |    18 |    16 |     9 |     8 ||    71
         Divine Exegesis   |       |       |       |       |       |     1 |       |     4 |       ||     5
  Evoke: Wand              |       |       |       |       |     6 |    12 |     4 |       |     1 ||    23
         Lightning rod     |       |       |       |       |       |       |     1 |       |       ||     1
    Use: Potion            |     1 |       |       |       |     5 |     5 |     1 |     5 |    15 ||    32
         Scroll            |       |     5 |    10 |    18 |     8 |    11 |     8 |    11 |     5 ||    76
 Armour: Robe              |     4 |    10 |    31 |       |       |       |       |       |       ||    45
         Troll leather arm |       |       |    11 |    54 |    49 |       |       |       |       ||   114
         Ring mail         |       |       |       |       |    62 |   177 |    23 |       |       ||   262
         Skin              |       |       |       |       |       |       |   270 |   359 |   187 ||   816
  Dodge: Dodged            |     3 |     6 |    54 |    48 |    87 |   104 |   226 |   224 |   112 ||   864
         Repelled          |       |       |     1 |     1 |     8 |     6 |    13 |    22 |    18 ||    69
  Block: Other             |       |     3 |    17 |    14 |     5 |       |       |       |       ||    39
         Reflection        |       |     1 |     1 |     3 |     1 |       |       |       |       ||     6
   Form: Statue            |       |       |       |       |       |       |     1 |       |       ||     1

Levels and vault maps discovered:
D:1:      heliophobic_arrival_enchanted_forest, layout_loops_ring
D:2:      layout_basic, hellmonk_ecumenical_altar_watching_god,
          amethyst_killhole, grunt_decor_mini_mirrors, uniq_sigmund, uniq_robin,
          uniq_natasha
D:3:      layout_basic, mainiacjoe_overflow_six_doors_small, kennysheep_nub
D:4:      layout_basic, riverfiend_overflow_shadow_ancestor,
          nicolae_gozag_conspicuous_consumption, elyvilon_altar_3,
          overflow_temple_1_default, minmay_distorted
D:5:      minmay_chambers_of_threes, layout_basic, kennysheep_orc_sif_temple
D:6:      layout_gridville, temple_green, nicolae_ossuary_entry_plus,
          minmay_misc_feat_roman, corexii_leaking_fountain,
          nicolae_specific_store, minmay_quadrilaterals
D:7:      layout_loops_cross, lemuel_mausoleum_altar_kikubaaqudgha,
          mainiacjoe_overflow_brackets, nicolae_ru_path_of_blood, serial_shops,
          nicolae_shop_hallway_plus, enter_bailey_3, minmay_misc_feat_diagonals,
          grunt_ministairs_3
D:8:      hellmonk_ruined_rings, layout_basic, nicolae_vehumet_altar_sigil
D:9:      layout_grid_maze, slow_altar_1, mainiacjoe_overflow_big_doors,
          david_lair_shrubbed, minmay_lizard_king
D:10:     layout_basic, ashenzari_altar_1, eat_drink_and_be_merry_uskayaw,
          uniq_erica
D:11:     layout_rooms, erik_orc_4, serial_corexii_hall, corexii_hall_statues_u,
          corexii_hall_statues_i, chequers_hall_statues_corner_a,
          chequers_hall_statues_wall_a, minmay_hollow_rounded_squares
D:12:     layout_stronghold, serial_column_ruins, column_ruins_circle_medium,
          column_ruins_open_tiny, column_ruins_grid_4, column_ruins_open_medium,
          column_ruins_corridor_dead_end, column_ruins_open_tiny,
          chequers_hall_statues_wall_a, uniq_psyche
D:13:     layout_big_octagon, uniq_urug
D:14:     layout_loops_ring, hangedman_vaults_entry_quadrant_bands,
          uniq_jorgrun, uniq_lodul
D:15:     grunt_enter_depths_hoard, layout_basic, serial_shops, statue_bzr,
          shop, nicolae_shop_gaudy_bauble, shop, chequers_serial_rivers_room_b
Lair:1:   layout_roguey, grunt_forest_small_clearings, nzn_random_ring,
          grunt_megastairs_4
Lair:2:   layout_chaotic_city, hellmonk_spider_entry_not_the_bees,
          grunt_forest_stairs_clearing, grunt_megastairs_3,
          serial_bayou_shore_b, uniq_sonja, uniq_maggie
Lair:3:   layout_layer_cave, nicolae_swamp_entry_spooky, lemuel_fruit_fields
Lair:4:   layout_loops_ring, slime_entry_1, beast_lair_carwin_1
Lair:5:   guppyfry_lair_end_dragon, layout_hall_layers,
          hangedman_lair_in_review, basic_altar, chequers_serial_rivers_large_b,
          roderic_batcave, hibernation_bobbens
Swamp:1:  layout_falls_marsh, nicolae_swamp_feature_on_the_river_bank,
          cheibrodos_swamp_pet_leeches, infiniplex_staircase_pool_2
Swamp:2:  layout_falls_marsh, serial_swamp_ruin, evilmike_swamp_ruin_rubble_1,
          evilmike_swamp_ruin_house_1, swamp_pool_4
Swamp:3:  layout_basic_swamp, nicolae_swamp_dense_foliage, swamp_pool_3
Swamp:4:  swamp_alternative, layout_basic_swamp, swamp_pool_1_2,
          nicolae_swamp_necromancer_hut, infiniplex_staircase_pool
Spider:1: layout_spider_delve
Spider:2: layout_spider_delve, hangedman_spider_tarantella_strand,
          uniq_mlioglotl, uniq_roxanne, uniq_aizul
Spider:3: gammafunk_boulding_lane
Spider:4: spider_rune_water
Orc:1:    layout_caves, basic_altar, serial_shops, shop,
          nicolae_shop_tiny_statue_garden, nicolae_shop_crystal, uniq_josephine
Orc:2:    st_orc_elflike, layout_diamond_mine, basic_altar, serial_shops, shop
Elf:1:    elf_arrival_002, layout_onion_city, basic_altar,
          gammafunk_ghost_split, hangedman_elven_crosses_minicolossus,
          minmay_shoptagon, uniq_donald
Elf:2:    elven_hall_of_blades_hangedman_original [nicolae_blade_bullseye],
          layout_geoelf_grid, grunt_ministairs_1, drop_trap, hex_medium,
          elves_outpost_lemuel, uniq_agnes
Elf:3:    grunt_elf_hall_diamonds, layout_geoelf_diagonals
Vaults:1: nicolae_vaults_prndl, grunt_vaults_diagonal,
          nicolae_vaults_lightning_bolt, nicolae_vaults_puzzle_piece,
          door_vault, nicolae_vaults_house_1, nicolae_vaults_shelves_hall,
          nicolae_vaults_little_ls, nicolae_vaults_layer_cake_slice,
          nicolae_vaults_wine_cellar, vaults_dpeg_hooks, layout_vaults_ring
Vaults:2: nicolae_vaults_heart-shaped_vault, v_misc_4,
          minmay_crypt_entry_simple_plaza, v_alt_pattern_5,
          nicolae_vaults_storage_closets_1, vaults_dpeg_ring,
          serial_library_regret_index_small_wings, lightli_church_of_beogh,
          hangedman_vaults_maws, v_pattern_2, nicolae_vaults_tetromino_Z_1,
          nicolae_vaults_shelves_hall, layout_vaults_maze_bifur, serial_shops,
          nicolae_shop_hallway_stairs
Vaults:3: gammafunk_ghost_cemetery, nicolae_vaults_angled_halls,
          nicolae_vaults_storage_closets_2,
          vaults_standard_mumra_enter_the_diamond,
          nicolae_vaults_hexular_roomagon, nicolae_vaults_meiosis,
          nicolae_vaults_murderbox, nicolae_vaults_little_squares_5,
          nicolae_vaults_trapezoid_lopsided_1, nicolae_vaults_ninety_degrees,
          nicolae_vaults_double_plus_1, ontoclasm_vaults_shuriken,
          hangedman_vaults_slice, ontoclasm_vaults_loading_screen,
          layout_vaults_omnicross
Vaults:4: v_alt_pattern_2, door_vault, nicolae_vaults_closet_pinwheel_3,
          nicolae_vaults_turnstiles, nicolae_vaults_tetromino_T_2,
          nicolae_vaults_trapezoid_1, hangedman_vaults_maws,
          nicolae_vaults_octothorpe, nicolae_vaults_tetromino_T_1,
          nicolae_vaults_trapezoid_4, nicolae_vaults_apartment_1,
          vaults_room_fours, v_alt_pattern_6, ontoclasm_vaults_twist,
          layout_vaults_chaotic_city, serial_shops, nicolae_shop_window_shopping
Vaults:5
Depths:1: layout_cave_shapes, moated_statue, hangedman_geh_valley,
          rand_demon_pan_entry_4, ploomutoo_gammafunk_ghost_potion_laboratory,
          xom_redecorated
Depths:2: lemuel_river_lethe, pan_entry, serial_shops, hell_entry
Depths:3: hangedman_cross_cluster, layout_gridlike, hangedman_abyss_entry_splay,
          lightli_too_deep, grunt_dithmenos_smoke, rand_demon_pan_entry_1,
          infiniplex_staircase_zigzag_2
Depths:4: grunt_zot_entry_bicorn, layout_cave_pools, enter_ziggurat_b,
          serial_bayou_lagoon_a, hell_entry
Zot:1:    hangedman_zot_vaults_quadrants, layout_onion_interference,
          hangedman_hellfire_club
Zot:2:    regret_index_malice_mire, layout_misc_corridors,
          nicolae_transmutations_shop, hangedman_zot_decor_unnerving_road,
          uniq_vv
Zot:3:    layout_onion, grunt_megastairs_5
Zot:4:    kennysheep_blocky_room, layout_gridlike
Zot:5:    layout_twisted_circle

Notes
Turn   | Place    | Note
-------+----------+-------------------------------------------
     0 | D:1      | Drazool the Deep Elf Conjurer began the quest for the Orb.
     0 | D:1      | Reached XP level 1. HP: 10/10 MP: 6/6
   197 | D:1      | Reached XP level 2. HP: 14/15 MP: 2/8
   252 | D:1      | Reached skill level 5 in Conjurations
   272 | D:1      | Learned a level 2 spell: Searing Ray
   368 | D:1      | Reached skill level 1 in Fighting
   607 | D:1      | Reached XP level 3. HP: 20/20 MP: 5/9
  1152 | D:2      | Noticed Sigmund
  1159 | D:2      | HP: 1/21 [Sigmund/+0 scythe (6)]
  1162 | D:2      | Killed Sigmund
  1163 | D:2      | Reached skill level 4 in Fighting
  1163 | D:2      | Reached XP level 4. HP: 2/29 MP: 8/10
  1163 | D:2      | Reached XP level 5. HP: 3/33 MP: 8/11
  1309 | D:2      | Noticed Natasha
  1311 | D:2      | Killed Natasha
  1420 | D:2      | Noticed Natasha
  1420 | D:2      | Noticed Robin
  1497 | D:2      | Killed Robin
  1603 | D:2      | Learned a level 4 spell: Fulminant Prism
  1608 | D:2      | Learned a level 4 spell: Iskenderun's Mystic Blast
  1760 | D:2      | Killed Natasha
  1761 | D:2      | Reached skill level 1 in Alchemy
  1761 | D:2      | Reached XP level 6. HP: 38/38 MP: 4/13
  1928 | D:2      | Noticed an eye of devastation
  1940 | D:2      | Found a faded altar of an unknown god.
  1943 | D:2      | Noticed a shining eye
  1947 | D:2      | Noticed a shining eye
  1965 | D:2      | Noticed a glass eye
  2164 | D:2      | Reached skill level 2 in Alchemy
  2639 | D:3      | Found an ornate altar of the Wu Jian Council.
  3628 | D:4      | Reached skill level 3 in Alchemy
  3679 | D:4      | Reached skill level 4 in Alchemy
  3692 | D:4      | Reached XP level 7. HP: 35/43 MP: 1/14
  3798 | D:4      | Found a white marble altar of Elyvilon.
  3819 | D:4      | Found a glowing golden altar of the Shining One.
  3865 | D:4      | Reached skill level 5 in Alchemy
  3998 | D:4      | Found an opulent altar of Gozag.
  3998 | D:4      | Found an opulent altar of Gozag.
  4001 | D:4      | Found an opulent altar of Gozag.
  4051 | D:4      | Found an opulent altar of Gozag.
  4615 | D:4      | Found a hazy altar of Hepliaklqana.
  4615 | D:4      | Found a shadowy altar of Dithmenos.
  4617 | D:4      | Noticed a shadow
  4727 | D:4      | Reached skill level 6 in Alchemy
  5045 | D:5      | Entered Level 5 of the Dungeon
  5175 | D:5      | Reached skill level 6 in Conjurations
  5175 | D:5      | Reached skill level 3 in Dodging
  5326 | D:5      | Reached skill level 4 in Spellcasting
  5444 | D:5      | Reached skill level 5 in Spellcasting
  5571 | D:5      | Reached skill level 1 in Translocations
  5571 | D:5      | Reached XP level 8. HP: 48/48 MP: 13/17
  5627 | D:5      | Reached skill level 2 in Translocations
  5712 | D:5      | Found a shimmering blue altar of Sif Muna.
  5718 | D:5      | Reached skill level 3 in Translocations
  5724 | D:5      | Became a worshipper of Sif Muna the Loreminder
  5788 | D:5      | Reached skill level 1 in Invocations
  5839 | D:5      | Reached skill level 2 in Invocations
  5966 | D:5      | Identified the +2 leather armour "Xablirao" {Dex+3}
  5992 | D:5      | Reached skill level 3 in Invocations
  6099 | D:5      | Reached skill level 4 in Invocations
  6431 | D:5      | Reached skill level 5 in Invocations
  6964 | D:6      | Reached skill level 4 in Translocations
  7125 | D:6      | Found a sand-covered staircase.
  7134 | Ossuary  | Entered an ossuary
  7324 | Ossuary  | Reached * piety under Sif Muna
  7609 | Ossuary  | Reached skill level 5 in Translocations
  7850 | Ossuary  | Reached skill level 4 in Dodging
  7899 | Ossuary  | Noticed a silent spectre
  8025 | D:6      | Found a staircase to the Ecumenical Temple.
  8034 | D:6      | Reached XP level 9. HP: 52/52 MP: 11/18
  8091 | D:6      | Found Xurecvol's Specific Store.
  8093 | D:6      | Found Veistroec's General Store.
  8096 | D:6      | Bought a scroll of identify for 24 gold pieces
  8245 | D:6      | Reached skill level 5 in Dodging
  8407 | D:6      | Noticed a troll
  8417 | D:6      | Killed a troll
  8418 | D:6      | Reached skill level 6 in Invocations
  8562 | D:6      | Reached skill level 7 in Invocations
  8954 | D:7      | Found a sacrificial altar of Ru.
  8997 | D:7      | Reached skill level 5 in Fighting
  9007 | D:7      | Found a sparkling altar of Nemelex Xobeh.
  9040 | D:7      | Noticed a troll
  9051 | D:7      | Killed a troll
  9052 | D:7      | Reached skill level 7 in Conjurations
  9052 | D:7      | Reached skill level 2 in Evocations
  9191 | D:7      | Found a flagged portal.
  9196 | Bailey   | Entered a bailey
  9271 | Bailey   | Reached skill level 3 in Evocations
  9370 | Bailey   | Learned a level 3 spell: Stone Arrow
  9555 | Bailey   | Reached skill level 1 in Earth Magic
  9570 | Bailey   | Reached skill level 2 in Earth Magic
  9663 | Bailey   | Reached XP level 10. HP: 59/59 MP: 4/19
  9687 | Bailey   | Reached skill level 8 in Conjurations
  9701 | Bailey   | Reached skill level 3 in Earth Magic
  9777 | Bailey   | Noticed an orc sorcerer
  9785 | Bailey   | Noticed a sixfirhy
  9868 | Bailey   | Killed an orc sorcerer
  9869 | Bailey   | Reached skill level 5 in Earth Magic
  9869 | Bailey   | Reached skill level 3 in Stealth
 10175 | Bailey   | Reached skill level 4 in Stealth
 10192 | Bailey   | Acquired the +1 pair of gloves of Oblivion {Str+3 Int+2}
 10347 | Bailey   | Found an iron altar of Okawaru.
 10359 | Bailey   | Reached skill level 6 in Spellcasting
 10653 | Bailey   | Acquired the Compendium of the Phantasmal Traveller
 10707 | D:7      | Reached ** piety under Sif Muna
 10855 | D:7      | Found Ohytrou's General Store.
 10860 | D:7      | Bought a staff of conjuration for 325 gold pieces
 10860 | D:7      | Bought a scroll of identify for 26 gold pieces
 10860 | D:7      | Bought a scroll of identify for 26 gold pieces
 10994 | D:7      | Learned a level 3 spell: Summon Ice Beast
 11014 | D:7      | Reached skill level 1 in Summonings
 11192 | D:7      | Reached skill level 3 in Summonings
 11560 | D:7      | Reached skill level 4 in Summonings
 11682 | D:7      | Found an ancient bone altar of Kikubaaqudgha.
 12130 | D:8      | Reached skill level 5 in Summonings
 12154 | D:8      | Reached skill level 6 in Summonings
 12610 | D:8      | Reached *** piety under Sif Muna
 12611 | D:8      | Reached skill level 7 in Summonings
 12611 | D:8      | Reached XP level 11. HP: 63/63 MP: 10/22
 12848 | D:8      | Found a radiant altar of Vehumet.
 13575 | D:9      | Reached skill level 9 in Conjurations
 13575 | D:9      | Reached skill level 8 in Summonings
 13846 | D:9      | Noticed a two-headed ogre
 13860 | D:9      | Killed a two-headed ogre
 13861 | D:9      | Reached skill level 8 in Invocations
 14036 | D:9      | Found a staircase to the Lair.
 14054 | D:9      | Found a snail-covered altar of Cheibriados.
 14644 | D:9      | Reached skill level 9 in Invocations
 14711 | D:9      | Reached skill level 1 in Ice Magic
 14863 | D:9      | Found a shimmering altar of Xom.
 14870 | D:9      | Found an iron altar of Okawaru.
 14883 | D:9      | Identified 2 potions of resistance
 14919 | D:10     | Entered Level 10 of the Dungeon
 14920 | D:10     | Found a hide-covered altar of Uskayaw.
 15036 | D:10     | Reached skill level 2 in Ice Magic
 15046 | D:10     | Reached **** piety under Sif Muna
 15057 | D:10     | Reached skill level 3 in Ice Magic
 15372 | D:10     | Found a broken altar of Ashenzari.
 15603 | D:10     | Reached skill level 4 in Ice Magic
 15701 | D:10     | Noticed Erica
 15708 | D:10     | Killed Erica
 15709 | D:10     | Reached skill level 6 in Dodging
 15913 | Lair:1   | Entered Level 1 of the Lair of Beasts
 15997 | Lair:1   | Reached skill level 7 in Dodging
 16474 | Lair:1   | Reached skill level 10 in Invocations
 16478 | Lair:1   | Reached skill level 7 in Spellcasting
 16814 | Lair:1   | Reached XP level 12. HP: 68/68 MP: 13/25
 16825 | Lair:1   | Reached skill level 8 in Spellcasting
 16866 | Lair:1   | Noticed a six-headed hydra
 16884 | Lair:1   | Killed a six-headed hydra
 17050 | Lair:1   | Noticed an eight-headed hydra
 17093 | Lair:1   | Reached skill level 10 in Conjurations
 17142 | Lair:1   | Learned a level 4 spell: Summon Lightning Spire
 17148 | Lair:1   | Learned a level 5 spell: Freezing Cloud
 17285 | Lair:1   | Reached skill level 1 in Air Magic
 17356 | Lair:1   | Killed an eight-headed hydra
 17357 | Lair:1   | Reached skill level 2 in Air Magic
 17617 | Lair:1   | Reached skill level 5 in Ice Magic
 17764 | Lair:1   | Reached skill level 3 in Air Magic
 18159 | Lair:2   | Noticed Sonja
 18349 | Lair:2   | Reached skill level 6 in Ice Magic
 18349 | Lair:2   | Reached skill level 4 in Air Magic
 18577 | Lair:2   | Noticed a catoblepas
 18593 | Lair:2   | Killed a catoblepas
 18594 | Lair:2   | Reached skill level 7 in Ice Magic
 18594 | Lair:2   | Reached skill level 5 in Air Magic
 19043 | Lair:2   | Noticed Maggie
 19049 | Lair:2   | Killed Maggie
 19141 | Lair:2   | Killed Sonja
 19200 | Lair:2   | Reached skill level 6 in Air Magic
 19288 | Lair:2   | Found a hole to the Spider Nest.
 19727 | Lair:3   | You fall into a shaft and drop 2 floors!
 19727 | Lair:5   | Entered Level 5 of the Lair of Beasts
 19753 | Lair:3   | Reached skill level 8 in Ice Magic
 20248 | Lair:3   | Noticed a five-headed hydra
 20252 | Lair:3   | Killed a five-headed hydra
 20405 | Lair:3   | Identified the +0 ring mail of Action {Rampage *Corrode
                  | rElec rN++}
 20409 | Lair:3   | Reached XP level 13. HP: 72/72 MP: 15/27
 20417 | Lair:3   | Reached ***** piety under Sif Muna
 20551 | Lair:3   | Identified the +5 quarterstaff "Doamof" {freeze, Will+
                  | rCorr Int+3}
 20747 | Lair:3   | Reached skill level 7 in Air Magic
 20768 | Lair:3   | Found a staircase to the Swamp.
 20774 | Lair:3   | Reached skill level 9 in Ice Magic
 21879 | Lair:4   | Reached skill level 6 in Fighting
 22158 | Lair:4   | Found a staircase to the Slime Pits.
 22159 | Lair:4   | Found a viscous altar of Jiyva.
 22728 | Lair:5   | Reached skill level 7 in Fighting
 23128 | Lair:5   | Received a gift from Sif Muna
 23258 | Lair:5   | Reached skill level 8 in Fighting
 23964 | Lair:5   | Found a shimmering blue altar of Sif Muna.
 24292 | Lair:5   | Reached skill level 9 in Fighting
 24984 | Lair:5   | Reached skill level 10 in Fighting
 25107 | Lair:5   | Reached XP level 14. HP: 88/88 MP: 16/28
 25108 | Lair:5   | Reached skill level 8 in Dodging
 25315 | Lair:5   | Received a gift from Sif Muna
 25316 | Lair:5   | Reached skill level 9 in Dodging
 25316 | Lair:5   | Got Sif Muna's Wizard's Wisdom Continued {god gift}
 25479 | Lair:5   | Identified the ring "Maef" {rC+ rCorr}
 25654 | Lair:5   | Learned a level 3 spell: Teleport Other
 25947 | Lair:5   | Reached skill level 10 in Dodging
 26579 | D:11     | Reached skill level 6 in Translocations
 26911 | D:11     | Found a staircase to the Orcish Mines.
 27068 | D:11     | Reached skill level 7 in Translocations
 27317 | D:11     | Found a large runed translucent door.
 27317 | D:11     | Found a large runed translucent door.
 27569 | D:11     | Found a large runed translucent door.
 27569 | D:11     | Found a large runed translucent door.
 27792 | D:11     | Reached skill level 8 in Translocations
 28236 | Orc:1    | Entered Level 1 of the Orcish Mines
 28388 | Orc:1    | Found Huggalo's Weapon Boutique.
 28391 | Orc:1    | Found Qujeuppe's General Store.
 28547 | Orc:1    | Noticed Josephine
 28552 | Orc:1    | Killed Josephine
 28600 | Orc:1    | Reached skill level 9 in Translocations
 28689 | Orc:1    | Found Odirimip's Antique Weapon Shoppe.
 28691 | Orc:1    | Bought a scroll of teleportation for 42 gold pieces
 28691 | Orc:1    | Bought a potion of haste for 140 gold pieces
 28691 | Orc:1    | Bought a potion of might for 56 gold pieces
 28691 | Orc:1    | Bought a scroll of teleportation for 42 gold pieces
 28781 | Orc:2    | Entered Level 2 of the Orcish Mines
 28979 | Orc:2    | Upgraded the game from 0.32-a0-12-g7fc57aa741 to
                  | 0.32-a0-17-gb74e046682
 29191 | Orc:2    | Found a staircase to the Elven Halls.
 29335 | Orc:2    | Found Dizxinio's Assorted Antiques.
 29638 | Orc:2    | Reached skill level 10 in Translocations
 29674 | Orc:2    | Reached skill level 4 in Evocations
 29766 | Orc:2    | Received a gift from Sif Muna
 29767 | Orc:2    | Got Sif Muna's Papyrus of the Algid Voyage {god gift}
 29962 | Orc:2    | Reached skill level 5 in Evocations
 30273 | Orc:2    | Reached skill level 6 in Earth Magic
 30723 | Orc:2    | Found Bavabavu's Magic Scroll Emporium.
 30723 | Orc:2    | Found Gum Wuno's Armour Emporium.
 30724 | Orc:2    | Found Egaemoam's Magic Scroll Boutique.
 30724 | Orc:2    | Found Ycuz Hig's Antique Weapon Boutique.
 30915 | Orc:1    | Reached skill level 7 in Earth Magic
 31239 | Orc:1    | Found a radiant altar of Vehumet.
 32000 | D:12     | Reached skill level 8 in Earth Magic
 32010 | D:12     | Reached XP level 15. HP: 92/92 MP: 12/29
 32335 | D:12     | Noticed Psyche
 32341 | D:12     | Killed Psyche
 32833 | D:13     | Noticed Urug
 32842 | D:13     | Killed Urug
 33172 | D:13     | Reached skill level 9 in Earth Magic
 33480 | D:13     | Identified the +4 ring mail of the Lobster {Str+3}
 33798 | D:14     | Noticed Jorgrun
 33816 | D:14     | Killed Jorgrun
 34182 | D:14     | Noticed Lodul
 34189 | D:14     | Killed Lodul
 34360 | D:14     | Received a gift from Sif Muna
 35314 | D:14     | Reached skill level 11 in Fighting
 35565 | D:14     | Found a gate to the Vaults.
 35653 | D:15     | Entered Level 15 of the Dungeon
 35842 | D:14     | Upgraded the game from 0.32-a0-17-gb74e046682 to
                  | 0.32-a0-18-g89e19f1974
 36081 | D:14     | Reached skill level 9 in Spellcasting
 36485 | D:15     | Reached skill level 10 in Spellcasting
 36833 | D:15     | Found Roucoja's Jewellery Boutique.
 36947 | D:15     | Found a gateway to a bazaar.
 36958 | Bazaar   | Entered a bazaar
 36958 | Bazaar   | Found Odiweowo's Armour Boutique.
 36958 | Bazaar   | Found Wiclozuo's Antique Armour Shop.
 36958 | Bazaar   | Found Faep's Weapon Shop.
 36999 | D:15     | Learned a level 4 spell: Airstrike
 37076 | D:15     | Reached skill level 11 in Conjurations
 37199 | D:15     | Received a gift from Sif Muna
 37350 | D:15     | Got Qaol's Writings on Gases and the Lithosphere {god gift}
 37457 | D:15     | Found Bouwi's Distillery.
 37638 | D:15     | Found a staircase to the Depths.
 37695 | D:15     | Reached skill level 8 in Air Magic
 38054 | D:15     | Found Veat's Armour Boutique.
 38370 | Spider:1 | Entered Level 1 of the Spider Nest
 38856 | Spider:1 | Reached skill level 12 in Conjurations
 39186 | Spider:1 | Reached XP level 16. HP: 100/100 MP: 28/32
 39513 | Spider:1 | Received a gift from Sif Muna
 39757 | Spider:1 | Reached skill level 13 in Conjurations
 39782 | Spider:1 | Learned a level 7 spell: Orb of Destruction
 40719 | Spider:2 | Identified the serpent talisman "Nyasu" {Int+3}
 40719 | Spider:2 | Noticed Aizul
 40728 | Spider:2 | Reached skill level 11 in Spellcasting
 40730 | Spider:2 | Killed Aizul
 40912 | Spider:2 | Received a gift from Sif Muna
 41501 | Spider:2 | Reached skill level 12 in Spellcasting
 41717 | Spider:2 | Noticed Roxanne
 41725 | Spider:2 | Noticed Mlioglotl
 41737 | Spider:2 | Killed Mlioglotl
 41818 | Spider:2 | Killed Roxanne
 42282 | Spider:3 | Reached skill level 14 in Conjurations
 42283 | Spider:3 | Reached skill level 13 in Spellcasting
 42886 | Spider:3 | Reached skill level 14 in Spellcasting
 43097 | Spider:3 | Acquired Sif Muna's Opusculum on Harmful Geomancy
 43106 | Spider:3 | Learned a level 6 spell: Bombard
 43202 | Spider:3 | Received a gift from Sif Muna
 43212 | Spider:3 | Got Sif Muna's Vademecum on the Allied Salvo {god gift}
 43297 | Spider:3 | Found a transporter.
 43298 | Spider:3 | Found a transporter.
 44275 | Spider:4 | Entered Level 4 of the Spider Nest
 44562 | Spider:3 | Reached skill level 15 in Spellcasting
 44982 | Spider:4 | Reached XP level 17. HP: 104/104 MP: 31/38
 45552 | Spider:4 | Reached skill level 15 in Conjurations
 45716 | Spider:4 | Reached skill level 16 in Spellcasting
 45716 | Spider:4 | Reached skill level 10 in Earth Magic
 46259 | Spider:4 | Received a gift from Sif Muna
 46613 | Spider:4 | Reached skill level 11 in Earth Magic
 47464 | Spider:4 | Reached skill level 12 in Earth Magic
 47696 | Spider:4 | Got a gossamer rune of Zot
 47938 | Swamp:1  | Entered Level 1 of the Swamp
 48837 | Swamp:1  | Learned a level 7 spell: Spellforged Servitor
 48871 | Swamp:1  | Reached skill level 9 in Summonings
 48873 | Swamp:1  | Received a gift from Sif Muna
 48990 | Swamp:1  | Got Hen Hor's Exposition on Anthracomancy and the Mesa {god
                  | gift}
 49753 | Swamp:2  | Reached skill level 10 in Summonings
 50215 | Swamp:2  | Identified the orb of Ydothrof {*Rage, rPois rF+ MP+9}
 50818 | Swamp:3  | Reached skill level 11 in Summonings
 51677 | Swamp:4  | Entered Level 4 of the Swamp
 51823 | Swamp:4  | Reached skill level 12 in Summonings
 52478 | Swamp:4  | Reached XP level 18. HP: 110/110 MP: 25/40
 53006 | Swamp:4  | Received a gift from Sif Muna
 53007 | Swamp:4  | Got Sif Muna's Book of Excruciating Excavation {god gift}
 53015 | Swamp:4  | Reached skill level 12 in Fighting
 53544 | Swamp:4  | Got a decaying rune of Zot
 54196 | Vaults:1 | Entered Level 1 of the Vaults
 54292 | Vaults:1 | Reached skill level 1 in Shapeshifting
 54354 | Vaults:1 | Found a huge runed translucent gate.
 54354 | Vaults:1 | Found a huge runed translucent gate.
 54354 | Vaults:1 | Found a huge runed translucent gate.
 54355 | Vaults:1 | Found a huge runed translucent gate.
 54356 | Vaults:1 | Found a huge runed translucent gate.
 54356 | Vaults:1 | Found a huge runed translucent gate.
 54357 | Vaults:1 | Found a huge runed translucent gate.
 54357 | Vaults:1 | Found a huge runed translucent gate.
 54358 | Vaults:1 | Found a huge runed translucent gate.
 54358 | Vaults:1 | Found a huge runed translucent gate.
 54358 | Vaults:1 | Found a huge runed translucent gate.
 54358 | Vaults:1 | Found a huge runed translucent gate.
 54358 | Vaults:1 | Found a huge runed translucent gate.
 54427 | Vaults:1 | Found a huge runed translucent gate.
 54427 | Vaults:1 | Found a huge runed translucent gate.
 54438 | Vaults:1 | Reached skill level 2 in Shapeshifting
 54439 | Vaults:1 | Found a huge runed translucent gate.
 54456 | Vaults:1 | Found a huge runed translucent gate.
 54457 | Vaults:1 | Found a huge runed translucent gate.
 54458 | Vaults:1 | Found a huge runed translucent gate.
 54459 | Vaults:1 | Found a huge runed translucent gate.
 54459 | Vaults:1 | Found a huge runed translucent gate.
 54464 | Vaults:1 | Found a huge runed translucent gate.
 54464 | Vaults:1 | Found a huge runed translucent gate.
 54465 | Vaults:1 | Found a huge runed translucent gate.
 54465 | Vaults:1 | Found a huge runed translucent gate.
 54465 | Vaults:1 | Found a huge runed translucent gate.
 54565 | Vaults:1 | Found a huge runed translucent gate.
 54566 | Vaults:1 | Found a huge runed translucent gate.
 54567 | Vaults:1 | Found a huge runed translucent gate.
 54567 | Vaults:1 | Found a huge runed translucent gate.
 54592 | Vaults:1 | Found a huge runed translucent gate.
 54593 | Vaults:1 | Found a huge runed translucent gate.
 54594 | Vaults:1 | Found a huge runed translucent gate.
 54594 | Vaults:1 | Found a huge runed translucent gate.
 54594 | Vaults:1 | Found a huge runed translucent gate.
 54596 | Vaults:1 | Found a huge runed translucent gate.
 54660 | Vaults:1 | Reached skill level 3 in Shapeshifting
 54672 | Vaults:1 | Reached skill level 4 in Shapeshifting
 54932 | Vaults:1 | Reached skill level 5 in Shapeshifting
 55267 | Vaults:1 | Reached skill level 6 in Shapeshifting
 55772 | Vaults:1 | Reached skill level 7 in Shapeshifting
 55834 | Vaults:1 | Identified the ring of the Terrible God {rPois rF++ Str-2
                  | Dex+6 Stlth+}
 56138 | Vaults:1 | Reached skill level 8 in Shapeshifting
 56450 | Vaults:2 | Found Xaivanag's General Store.
 56687 | Vaults:2 | Reached skill level 9 in Shapeshifting
 56935 | Vaults:2 | Reached skill level 10 in Shapeshifting
 57402 | Vaults:2 | Reached XP level 19. HP: 118/118 MP: 33/41
 57734 | Vaults:2 | Received a gift from Sif Muna
 57741 | Vaults:2 | Reached skill level 11 in Shapeshifting
 57754 | Vaults:2 | Found a staircase to the Crypt.
 58461 | Vaults:2 | Reached skill level 12 in Shapeshifting
 59132 | Vaults:2 | Reached skill level 13 in Shapeshifting
 59888 | Vaults:3 | Received a gift from Sif Muna
 59889 | Vaults:3 | Got Sif Muna's Opusculum on Glowing Impulse {god gift}
 60450 | Vaults:3 | Reached skill level 14 in Shapeshifting
 61142 | Vaults:3 | You fall into a shaft and drop 1 floor!
 61143 | Vaults:4 | Found Fomasat's General Store.
 61408 | Vaults:3 | Reached skill level 15 in Shapeshifting
 61759 | Vaults:3 | Received a gift from Sif Muna
 61900 | Vaults:3 | Got Sif Muna's Discursus on the Brilliant Glacier {god
                  | gift}
 61944 | Vaults:3 | Found a runed translucent gate.
 61944 | Vaults:3 | Found a runed translucent gate.
 61945 | Vaults:3 | Found a runed translucent gate.
 61946 | Vaults:3 | Noticed Doesme's ghost (adept GnCA)
 61946 | Vaults:3 | Noticed Qoas's ghost (adept GnCA)
 62225 | Vaults:2 | Learned a level 8 spell: Lehudib's Crystal Spear
 63617 | Vaults:3 | Noticed Pixtaico's ghost (adept FeNe)
 63709 | Vaults:3 | Killed Qoas's ghost
 63823 | Vaults:3 | Killed Doesme's ghost
 63824 | Vaults:3 | Reached XP level 20. HP: 124/124 MP: 37/42
 63866 | Vaults:3 | Killed Pixtaico's ghost
 63867 | Vaults:3 | Reached skill level 13 in Earth Magic
 64468 | Vaults:4 | Found a huge runed translucent gate.
 64468 | Vaults:4 | Found a huge runed translucent gate.
 64468 | Vaults:4 | Found a huge runed translucent gate.
 64468 | Vaults:4 | Found a huge runed translucent gate.
 64469 | Vaults:4 | Found a huge runed translucent gate.
 64469 | Vaults:4 | Found a huge runed translucent gate.
 64469 | Vaults:4 | Found a huge runed translucent gate.
 64470 | Vaults:4 | Found a huge runed translucent gate.
 64470 | Vaults:4 | Found a huge runed translucent gate.
 64470 | Vaults:4 | Found a huge runed translucent gate.
 64470 | Vaults:4 | Found a huge runed translucent gate.
 64470 | Vaults:4 | Found a huge runed translucent gate.
 64471 | Vaults:4 | Found a huge runed translucent gate.
 64471 | Vaults:4 | Found a huge runed translucent gate.
 64634 | Vaults:4 | Reached skill level 16 in Shapeshifting
 64890 | Vaults:4 | Reached skill level 14 in Earth Magic
 65051 | Vaults:4 | Found a huge runed translucent gate.
 65051 | Vaults:4 | Found a huge runed translucent gate.
 65051 | Vaults:4 | Found a huge runed translucent gate.
 65051 | Vaults:4 | Found a huge runed translucent gate.
 65051 | Vaults:4 | Found a huge runed translucent gate.
 65051 | Vaults:4 | Found a huge runed translucent gate.
 65052 | Vaults:4 | Found a huge runed translucent gate.
 65052 | Vaults:4 | Found a huge runed translucent gate.
 65053 | Vaults:4 | Found a huge runed translucent gate.
 65054 | Vaults:4 | Found a huge runed translucent gate.
 65054 | Vaults:4 | Found a huge runed translucent gate.
 65054 | Vaults:4 | Found a huge runed translucent gate.
 65054 | Vaults:4 | Found a huge runed translucent gate.
 65112 | Vaults:4 | Found a huge runed translucent gate.
 65113 | Vaults:4 | Found a huge runed translucent gate.
 65128 | Vaults:4 | Found a huge runed translucent gate.
 65129 | Vaults:4 | Found a huge runed translucent gate.
 65129 | Vaults:4 | Found a huge runed translucent gate.
 65129 | Vaults:4 | Found a huge runed translucent gate.
 65131 | Vaults:4 | Found a huge runed translucent gate.
 65132 | Vaults:4 | Found a huge runed translucent gate.
 65133 | Vaults:4 | Found a huge runed translucent gate.
 65670 | Vaults:4 | Reached skill level 16 in Conjurations
 66361 | Elf:1    | Entered Level 1 of the Elven Halls
 66582 | Elf:1    | Found a runed translucent gate.
 66583 | Elf:1    | Found a runed translucent gate.
 66584 | Elf:1    | Found a runed translucent gate.
 66584 | Elf:1    | Noticed Jabb's ghost (adept DsGl)
 66586 | Elf:1    | Noticed Donald
 66591 | Elf:1    | Killed Donald
 66846 | Elf:1    | Found an ancient bone altar of Kikubaaqudgha.
 66879 | Elf:1    | Received a gift from Sif Muna
 66905 | Elf:1    | Got Sif Muna's Teachings on Rot and Convocation {god gift}
 67065 | Elf:1    | Paralysed by an air elemental for 1 turns
 67071 | Elf:1    | Reached skill level 17 in Conjurations
 67262 | Elf:1    | Identified the +1 war axe of Uckad {elec, Stlth+}
 67453 | Elf:1    | Found Evuneu's Jewellery Emporium.
 67453 | Elf:1    | Found Xuan's General Store.
 67455 | Elf:1    | Found Laenumusm's Assorted Antiques.
 67457 | Elf:1    | Found Saczo's Weapon Emporium.
 67472 | Elf:1    | Bought the ring "Otsipoaf" {^Drain rF+ MP+9 Str+3 Int+5}
                  | for 542 gold pieces
 67832 | Elf:1    | Paralysed by an air elemental for 1 turns
 68021 | Elf:2    | Reached skill level 15 in Earth Magic
 68788 | Elf:2    | Noticed Agnes
 68822 | Elf:2    | Reached skill level 16 in Earth Magic
 68833 | Elf:2    | Identified the +6 great mace "Vetouts" {heavy, Will+ rCorr}
 68833 | Elf:2    | Received a gift from Sif Muna
 68839 | Elf:2    | Killed Agnes
 68864 | Elf:2    | Reached XP level 21. HP: 128/128 MP: 32/43
 68953 | Elf:2    | Got Sif Muna's Parchment of Arcane Combat and the
                  | Singularity {god gift}
 69231 | Elf:2    | Found a runed translucent gate.
 69231 | Elf:2    | Found a runed translucent gate.
 69231 | Elf:2    | Found a runed translucent gate.
 69518 | Depths:1 | Entered Level 1 of the Depths
 69589 | D:15     | Reached skill level 17 in Earth Magic
 69804 | Depths:1 | Found a runed translucent gate.
 69804 | Depths:1 | Found a runed translucent gate.
 69804 | Depths:1 | Found a runed translucent gate.
 69879 | Depths:1 | Found a shimmering altar of Xom.
 69975 | Depths:1 | Found a shimmering altar of Xom.
 70196 | Depths:1 | Reached skill level 17 in Spellcasting
 70308 | Depths:1 | Reached skill level 13 in Fighting
 71076 | Depths:1 | Found a gateway to Hell.
 71342 | Depths:1 | Found a one-way gate leading to the halls of Pandemonium.
 71580 | Depths:2 | Received a gift from Sif Muna
 71585 | Depths:2 | Reached skill level 14 in Fighting
 71602 | Depths:2 | Reached skill level 5 in Stealth
 71712 | Depths:2 | Got Sif Muna's Essays on Oxidation {god gift}
 71738 | Depths:2 | Reached skill level 6 in Stealth
 72303 | Depths:2 | Reached skill level 18 in Spellcasting
 72774 | Depths:2 | Identified the staff "Janasch" {rPois rN+ Str-2 Dex+4
                  | Alchemy}
 72915 | Depths:2 | Paralysed by a vampire knight for 3 turns
 72993 | Depths:2 | Received a gift from Sif Muna
 72994 | Depths:2 | Got Sacoge's Lectures on the Reshaped Sixfirhy {god gift}
 73295 | Depths:2 | Reached XP level 22. HP: 137/137 MP: 37/46
 73514 | Depths:2 | Noticed an ancient lich
 73531 | Depths:2 | Killed an ancient lich
 73532 | Depths:2 | Reached skill level 18 in Conjurations
 73746 | Depths:2 | Reached skill level 18 in Earth Magic
 74565 | Depths:3 | Identified the +0 robe "Guamash" {*Slow rF+ MP+9}
 75004 | Depths:3 | Identified the ring "Piuna" {rN+ MP+9}
 75015 | Depths:3 | Reached skill level 15 in Fighting
 75600 | Depths:3 | Found a one-way gate to the infinite horrors of the Abyss.
 75818 | Depths:3 | Received a gift from Sif Muna
 75821 | Depths:3 | Got Sif Muna's Compendium of Immolation {god gift}
 76169 | Depths:3 | Found a shadowy altar of Dithmenos.
 76221 | Depths:3 | Reached skill level 16 in Fighting
 76895 | Depths:4 | Entered Level 4 of the Depths
 77010 | Depths:4 | Noticed a golden dragon
 77252 | Depths:4 | Reached skill level 19 in Earth Magic
 77324 | Depths:4 | Paralysed by a sphinx for 3 turns
 77401 | Depths:4 | Killed a golden dragon
 77529 | Depths:4 | Found a gate to the Realm of Zot.
 77880 | Depths:4 | Found a one-way gateway to a ziggurat.
 78569 | Elf:3    | Entered Level 3 of the Elven Halls
 78667 | Elf:3    | Reached skill level 20 in Earth Magic
 78780 | Elf:3    | Reached XP level 23. HP: 147/147 MP: 42/47
 79018 | Elf:3    | Received a gift from Sif Muna
 79020 | Elf:3    | Got Zegilorph's Parchment of Hurting and Sinister Secrets
                  | {god gift}
 79105 | Elf:3    | Identified the +2 flail "Olexuj" {antimagic, rElec rC+
                  | Int+2 Dex+2}
 79105 | Elf:3    | Identified the ring "Miarosuy" {rElec rN+ Dex+3}
 79142 | Elf:3    | Identified a +2 crystal plate armour
 79334 | Elf:3    | Identified the +0 leather armour of Makhleb's Inspiration
                  | {rC+ rCorr Str+4}
 79334 | Elf:3    | Identified the ring "Gifrokem" {rPois rC+}
 79346 | Elf:3    | Identified the +7 rapier of the Skies Above {freeze, rN+}
 79440 | Elf:3    | Reached skill level 21 in Earth Magic
 79800 | Elf:3    | Identified the +3 shortbow of Woe {freeze, Str+7 Int+3
                  | Stlth-}
 79870 | Elf:3    | Identified the +6 falchion of Prudence {flame, rF+ Str-3
                  | Int+3}
 79870 | Elf:3    | Identified the ring "Ceutum Bugui" {rF+ rN+ Will- SInv}
 79980 | Elf:3    | Identified the ring "Gifrogao" {Ice rCorr Int+3}
 79982 | Elf:3    | Identified the +1 halberd of Extermination {pain, *Slow
                  | rElec rC+ rN+}
 79982 | Elf:3    | Identified the ring of Doubts {^Drain AC+4 Str+5 Int+2
                  | SInv}
 80214 | Elf:3    | Identified the staff of the Endless March {rPois rN+ rCorr
                  | Str-4 Alchemy}
 80839 | Vaults:4 | Bought a scroll of amnesia for 72 gold pieces
 80850 | Vaults:4 | Learned a level 9 spell: Shatter
 80878 | Vaults:5 | Entered Level 5 of the Vaults
 80915 | Vaults:5 | Noticed an ancient lich
 80919 | Vaults:5 | Killed an ancient lich
 80919 | Vaults:5 | Received a gift from Sif Muna
 80920 | Vaults:5 | Reached skill level 22 in Earth Magic
 80922 | Vaults:5 | Got Sif Muna's Tome of the Battered Scars {god gift}
 81245 | Vaults:5 | Identified the +7 long sword of Deformation {venom, rElec
                  | rF+ Will+ Str+2}
 81419 | Vaults:5 | Reached skill level 23 in Earth Magic
 81733 | Vaults:5 | Reached skill level 11 in Invocations
 81735 | Vaults:5 | Identified the +7 scimitar of the Illusory Knives {freeze,
                  | Will+ Str+3 Int+3}
 82038 | Vaults:5 | Reached skill level 12 in Invocations
 82173 | Vaults:5 | Received a gift from Sif Muna
 82174 | Vaults:5 | Got Sif Muna's Penultimate Guide to Sorcery {god gift}
 82227 | Vaults:5 | Reached skill level 13 in Invocations
 82261 | Vaults:5 | Reached XP level 24. HP: 145/145 MP: 39/47
 82464 | Vaults:5 | Got a silver rune of Zot
 82488 | Vaults:5 | Identified the amulet "Weheifoavu" {Acrobat rElec rC+}
 82666 | Vaults:5 | Identified the +10 flail of Intuition {freeze, rF+ Will+}
 82735 | Vaults:5 | Got Innaomi's Tractate on the Wyrd
 83129 | Vaults:5 | Identified the +6 shortbow of the Forest {speed, rElec rC++
                  | Will+ Dex+4}
 83133 | Vaults:5 | Reached skill level 14 in Invocations
 83884 | Zot:1    | Entered Level 1 of the Realm of Zot
 83886 | Zot:1    | Noticed a dread lich
 83887 | Zot:1    | Noticed an orb of fire
 84296 | Depths:4 | Killed an orb of fire
 84644 | Depths:4 | Found a one-way gateway to a ziggurat.
 84961 | Zot:1    | Reached skill level 15 in Invocations
 84964 | Zot:1    | Killed a curse toe
 84968 | Zot:1    | Killed a dread lich
 85165 | Zot:1    | Reached skill level 16 in Invocations
 85547 | Zot:1    | You fall into a shaft and drop 1 floor!
 85549 | Zot:2    | Noticed an electric golem
 85566 | Zot:2    | Reached skill level 17 in Invocations
 85827 | Zot:2    | Reached skill level 6 in Evocations
 86264 | Zot:1    | Reached skill level 7 in Evocations
 86286 | Zot:1    | Reached skill level 8 in Evocations
 87204 | Zot:2    | Reached skill level 9 in Evocations
 87359 | Zot:2    | Reached skill level 10 in Evocations
 87655 | Zot:2    | Noticed a curse toe
 87660 | Zot:2    | Killed a curse toe
 87793 | Zot:2    | Reached XP level 25. HP: 158/158 MP: 37/47
 88095 | Zot:2    | Found Sametietaf's Changing Room.
 88290 | Zot:2    | Noticed Vv
 88295 | Zot:2    | Killed Vv
 88297 | Zot:2    | Killed an electric golem
 88882 | Zot:3    | Noticed an orb of fire
 88923 | Zot:3    | Noticed a Killer Klown
 89040 | Zot:3    | Noticed a Killer Klown
 89045 | Zot:3    | Killed a Killer Klown
 89046 | Zot:3    | Reached skill level 17 in Fighting
 89145 | Zot:3    | Killed an orb of fire
 89151 | Zot:3    | Killed a Killer Klown
 89152 | Zot:3    | Reached skill level 18 in Invocations
 90405 | Zot:3    | Reached skill level 24 in Earth Magic
 90973 | Zot:3    | Noticed an electric golem
 90979 | Zot:3    | Killed an electric golem
 91474 | Orc:2    | Bought a scroll of blinking for 135 gold pieces
 91783 | Zig:1    | Entered Level 1 of a ziggurat
 91826 | Zig:2    | Entered Level 2 of a ziggurat
 91886 | Zig:3    | Entered Level 3 of a ziggurat
 91953 | Zig:4    | Entered Level 4 of a ziggurat
 91953 | Zig:4    | Noticed a curse skull
 91955 | Zig:4    | Killed a curse skull
 92006 | Zig:5    | Entered Level 5 of a ziggurat
 92008 | Zig:5    | Noticed a royal mummy
 92012 | Zig:5    | Killed a royal mummy
 92134 | Zig:6    | Entered Level 6 of a ziggurat
 92135 | Zig:6    | Identified a potion of experience
 92137 | Zig:6    | Noticed a royal mummy
 92142 | Zig:6    | Killed a royal mummy
 92368 | Zig:6    | Reached skill level 25 in Earth Magic
 92368 | Zig:6    | Reached XP level 26. HP: 166/166 MP: 47/47
 92500 | Zot:4    | Noticed a curse toe
 92505 | Zot:4    | Killed a curse toe
 92511 | Zot:4    | Identified the amulet of Vozi Awo {Regen+ Int+2}
 93153 | Zot:4    | Received a gift from Sif Muna
 93154 | Zot:4    | Got Sif Muna's Book of Numb Execration {god gift}
 93441 | Zot:4    | Reached skill level 26 in Earth Magic
 94000 | Zot:5    | Entered Level 5 of the Realm of Zot
 94859 | Zot:5    | Reached XP level 27. HP: 171/171 MP: 14/47
 94929 | Zot:5    | Noticed an orb of fire
 94932 | Zot:5    | Killed an orb of fire
 94933 | Zot:5    | Reached skill level 27 in Earth Magic
 94933 | Zot:5    | Noticed a curse toe
 94937 | Zot:5    | Killed a curse toe
 95075 | Zot:5    | Noticed an electric golem
 95084 | Zot:5    | Killed an electric golem
 95247 | Zot:5    | Identified the +2 pair of gloves of Watchfulness {Will+
                  | Dex+3}
 95252 | Zot:5    | Noticed an orb of fire
 95263 | Zot:5    | Killed an orb of fire
 95682 | Zot:5    | Reached skill level 18 in Fighting
 95844 | Zot:5    | Noticed an electric golem
 95856 | Zot:5    | Killed an electric golem
 95948 | Zot:5    | Gained mutation: You are dopey. (Int -2) [mutagenic glow]
 95961 | Zot:5    | Gained mutation: Your body sometimes deteriorates upon
                  | taking damage. [mutagenic glow]
 95963 | Zot:5    | Lost mutation: Your body sometimes deteriorates upon taking
                  | damage. [potion of mutation]
 95963 | Zot:5    | Lost mutation: You are dopey. (Int -2) [potion of mutation]
 95963 | Zot:5    | Gained mutation: You are vulnerable to heat. (rF-) [potion
                  | of mutation]
 95964 | Zot:5    | Lost mutation: You are vulnerable to heat. (rF-) [potion of
                  | mutation]
 95964 | Zot:5    | Gained mutation: You are resistant to electric shocks.
                  | (rElec) [potion of mutation]
 95964 | Zot:5    | Gained mutation: Your mind is acute. (Int +4, Str/Dex -1)
                  | [potion of mutation]
 96011 | Zot:5    | Noticed a dread lich
 96017 | Zot:5    | Paralysed by a dread lich for 5 turns
 96018 | Zot:5    | Killed a dread lich
 96048 | Zot:5    | Got the Orb of Zot
 96260 | Depths:4 | Received a gift from Sif Muna
 96654 | D:4      | Reached skill level 19 in Fighting
 96748 | D:$      | Escaped with the Orb!

Vanquished Creatures
  4 orbs of fire
  2 dread liches
  2 ancient liches
  2 royal mummies
  Vv (Zot:2)
  9 Killer Klowns
  A curse toe (Zot:5)
  8 golden dragons
  16 tentacled monstrosities
  The ghost of Doesme the Severer, an adept GnCA of Ignis (Vaults:3)
  4 electric golems
  A Hell Sentinel (Zot:1)
  A Brimstone Fiend (D:4)
  An Ice Fiend (D:2)
  A deep elf blademaster (Elf:3)
  Jorgrun (D:14)
  Mlioglotl (Spider:2)
  A lich (Depths:4)
  23 Orb Guardians
  A walking divine tome (Depths:3)
  2 deep elf master archers (Elf:3)
  5 titans
  8 quicksilver dragons
  4 sphinxes
  11 death cobs
  11 storm dragons
  A thorn hunter (Swamp:4)
  8 shadow dragons
  A tengu reaver (Vaults:2)
  Aizul (Spider:2)
  Roxanne (Spider:2)
  A revenant (Zig:4)
  5 protean progenitors
  6 emperor scorpions
  2 fenstrider witches
  5 draconian knights
  4 fire giants
  4 draconian monks
  6 deep elf sorcerers
  A frost giant (Depths:2)
  A draconian shifter (Zot:3)
  8 ghost moths
  6 draconian scorchers
  A balrug (Depths:3)
  5 deep elf elementalists (Elf:3)
  2 iron dragons
  A spectral caustic shrike (Depths:2)
  8 vault wardens
  An orc warlord (Vaults:2)
  2 draconian stormcallers
  13 ironbound preservers
  A curse skull (Zig:4)
  21 very ugly things
  2 broodmothers
  2 cacodemons
  10 stone giants
  A demonspawn corrupter (Depths:3)
  2 draconian annihilators
  5 formless jellyfish
  3 deep elf death magi
  5 deep elf annihilators
  2 spectral titans (Depths:2)
  10 white draconians
  5 deep elf demonologists
  4 ironbound thunderhulks
  6 yellow draconians
  13 green draconians
  A bunyip (Swamp:3)
  9 black draconians
  3 vampire knights
  9 dire elephants
  2 eleionomae
  7 war gargoyles
  7 purple draconians
  5 red draconians
  8 spark wasps
  A mummy priest (Zig:5)
  3 green deaths
  A spectral quicksilver dragon (Depths:2)
  A blizzard demon (Depths:3)
  9 ettins
  3 deep elf high priests (Elf:3)
  2 crystal guardians
  A merfolk impaler (Depths:4)
  Josephine (Orc:1)
  6 fire dragons
  8 yaktaur captains
  A jiangshi (Vaults:2)
  5 entropy weavers
  A shambling mangrove (Swamp:2)
  A spriggan zombie (Depths:3)
  3 spectral tengu (Depths:2)
  A salamander tyrant (Zig:1)
  16 hydras
  A rakshasa (Depths:3)
  4 great orbs of eyes
  4 ogre magi
  2 ghost crabs
  A peacekeeper (Vaults:3)
  3 spectral shadow dragons (Depths:2)
  22 vault guards
  2 juggernaut simulacra (Depths:2)
  3 spectral sphinxes (Depths:2)
  9 ice dragons
  A catoblepas (Lair:2)
  7 alligators
  A death knight (Vaults:2)
  A spectral frost giant (Depths:2)
  2 jorogumos
  4 radroaches
  4 ironbound frosthearts
  A spriggan air mage (Depths:3)
  A boulder beetle (D:15)
  Erica (D:10)
  13 dancing weapons
  14 centaur warriors
  7 two-headed ogres
  10 deep troll earth magi
  3 death yaks (Lair:5)
  2 deep troll shamans
  5 demonic crawlers
  2 death scarabs
  2 spriggan berserkers
  2 vampire magi
  4 tengu warriors
  12 deep elf knights
  4 orc high priests
  3 occultists
  Urug (D:13)
  A hell knight (Vaults:5)
  4 soul eaters
  A sun demon (Depths:1)
  Sonja (Lair:2)
  6 pharaoh ants
  2 goliath frogs
  3 sixfirhies
  2 skeletal warriors (D:15)
  A skyshark (Lair:5)
  A bunyip zombie (Swamp:4)
  Lodul (D:14)
  3 iron trolls
  A shadow wraith (Vaults:2)
  7 orb spiders
  A death drake (Depths:2)
  4 glowing orange brains
  41 deep trolls
  8 swamp dragons
  4 bog bodies
  A spectral spark wasp (Depths:2)
  A sun moth (Spider:1)
  3 orange crystal statues
  2 spriggan simulacra (Depths:2)
  6 arcanists
  4 spriggan druids
  A mana viper (shapeshifter) (D:15)
  7 orc knights
  A lindwurm (shapeshifter) (Vaults:5)
  2 obsidian statues (Zig:5)
  4 flayed ghosts
  7 ironbound convokers
  2 spectral iron dragons (Depths:2)
  4 steelbarb worms
  3 lindwurms
  5 deep elf archers
  4 necromancers
  A tengu zombie (Depths:3)
  27 deep elf zephyrmancers
  22 deep elf pyromancers
  8 phantasmal warriors
  5 cyclopes
  6 orc sorcerers
  2 alligator zombies (Swamp:4)
  25 wolf spiders
  14 ugly things
  A faun (shapeshifter) (Depths:3)
  A shadow dragon skeleton (Depths:3)
  2 will-o-the-wisps
  19 moths of wrath
  3 elephants
  4 meliai
  A stone giant skeleton (Vaults:4)
  A smoke demon (Depths:3)
  A rust devil (Depths:1)
  6 vault sentinels
  5 kobold blastminers
  A gargoyle (D:14)
  5 torpor snails
  A cane toad (shapeshifter) (Elf:3)
  An orange demon (D:8)
  11 cane toads
  5 black mambas
  Maggie (Lair:2)
  A rime drake (Lair:1)
  An unseen horror (D:11)
  3 hellions (Zot:1)
  A freezing wraith (D:14)
  A tormentor (Depths:3)
  An ice devil (D:13)
  11 komodo dragons
  3 spectral glowing shapeshifters (Depths:2)
  A kobold demonologist (Bailey)
  A golden dragon simulacrum (Depths:2)
  16 yaktaurs
  6 guardian mummies
  A tengu conjurer (Depths:1)
  3 polar bears
  10 trolls
  A spriggan skeleton (Zig:6)
  A tengu simulacrum (Depths:2)
  A bloated husk (Swamp:4)
  11 tyrant leeches
  8 blink frogs
  14 hornets
  A hornet (shapeshifter) (D:14)
  3 glass eyes
  30 tarantellas
  4 iron dragon simulacra (Depths:2)
  24 jumping spiders
  5 air elementals
  6 dream sheep (Lair:5)
  16 culicivoras
  11 spriggans
  5 water elementals
  Sigmund (D:2)
  4 wyverns
  A shadow (D:11)
  6 wraiths
  17 slime creatures
  2 ynoxinuls
  35 yaks
  A vampire (D:14)
  A yak (shapeshifter) (D:11)
  2 fire elementals (Elf:2)
  3 ushabtiu
  4 basilisks
  A neqoxec (D:12)
  3 steam dragons
  77 redbacks
  A warg (Orc:1)
  8 vampire mosquitoes
  A naga (Zig:1)
  4 acid dragons
  16 swamp worms
  A hydra simulacrum (Swamp:4)
  22 water moccasins
  6 hell hounds
  A hornet zombie (D:7)
  27 orc warriors
  6 swamp drakes
  5 black bears
  An ice beast (D:6)
  17 ogres
  A crocodile (shapeshifter) (D:15)
  18 wolves
  3 phantoms
  9 centaurs
  2 kobold brigands
  15 bullfrogs
  A nameless horror (Depths:2)
  5 scorpions
  2 gnoll sergeants
  A wyvern zombie (D:7)
  A water moccasin zombie (Ossuary)
  14 wights
  4 killer bees (Lair:2)
  7 electric eels
  3 vampire bats (Lair:5)
  3 howler monkeys (D:10)
  3 centaur zombies (Ossuary)
  13 orc priests
  A jelly (D:7)
  A bombardier beetle (D:4)
  6 hounds
  2 human zombies
  5 centaur skeletons
  A gnoll bouda (D:5)
  A sleepcap (D:6)
  Natasha (twice) (D:2)
  11 iguanas
  21 orc wizards
  A hell rat (Lair:5)
  A scorpion zombie (Ossuary)
  2 killer bee zombies (D:7)
  12 mummies
  Robin (D:2)
  3 howler monkey zombies (D:7)
  23 gnolls
  A howler monkey skeleton (D:7)
  11 adders
  2 white imps
  5 adder zombies (Ossuary)
  4 dart slugs
  2 ribbon worms
  89 orcs
  9 ball pythons
  3 endoplasms
  4 giant cockroaches
  5 gnoll zombies (Ossuary)
  25 goblins
  10 hobgoblins
  11 kobolds
  2 quokkas
  12 bats
  4 frilled lizards
  5 goblin zombies (Ossuary)
  2 hobgoblin zombies (Ossuary)
  An orc zombie (Ossuary)
  3 rats
  2 aspiring fleshes
1795 creatures vanquished.

Vanquished Creatures (collateral kills)
  3 Killer Klowns
  3 curse toes
  A golden dragon (Zot:2)
  The ghost of Qoas the Severer, an adept GnCA of Ignis (Vaults:3)
  4 tentacled monstrosities
  2 Orb Guardians (Zot:5)
  3 quicksilver dragons
  A deep elf blademaster (Elf:3)
  3 titans
  4 sphinxes
  Agnes (Elf:2)
  Donald (Elf:1)
  2 draconian monks
  4 shadow dragons
  2 storm dragons (Zot:2)
  6 tengu reavers
  A draconian knight (Zot:3)
  7 fire giants
  2 draconian scorchers
  5 frost giants
  3 vault wardens
  An iron dragon (Zot:1)
  A spectral juggernaut (Depths:2)
  An orc warlord (Vaults:2)
  2 ghost moths (Zot:2)
  3 draconian annihilators
  7 ironbound preservers
  2 formless jellyfish
  A draconian stormcaller (Zot:2)
  4 stone giants
  A demonspawn blood saint (Depths:1)
  The ghost of Pixtaico the Unseen, an adept FeNe of Elyvilon (Vaults:3)
  13 very ugly things
  A deep elf demonologist (Vaults:4)
  4 vampire knights (Depths:2)
  5 deep elf death magi
  6 green draconians
  4 ironbound thunderhulks
  A black draconian (Zot:3)
  A spectral titan (Depths:2)
  An eleionoma (Swamp:4)
  A yellow draconian (Zot:4)
  A spark wasp (Depths:1)
  2 deep elf annihilators
  4 purple draconians
  3 dire elephants
  3 white draconians
  3 red draconians
  An eidolon (Depths:2)
  5 fire dragons
  A spectral golden dragon (Depths:2)
  A deep elf high priest (Zot:1)
  5 ettins
  5 great orbs of eyes
  2 yaktaur captains
  2 spectral shadow dragons (Depths:2)
  4 vault guards
  4 hydras (Swamp:4)
  7 ice dragons
  2 alligators (Swamp:4)
  2 spriggan air magi
  A jorogumo (Spider:2)
  A juggernaut simulacrum (Depths:2)
  A peacekeeper (Vaults:3)
  A radroach (Spider:2)
  2 spectral sphinxes (Depths:2)
  5 ironbound frosthearts
  10 dancing weapons
  A spectral fire giant (Depths:2)
  2 death yaks (Lair:5)
  2 two-headed ogres
  A tengu warrior (Depths:2)
  6 centaur warriors
  2 vampire magi (Depths:2)
  6 deep troll earth magi
  6 deep troll shamans
  2 orc high priests
  A demonic crawler (Spider:2)
  A sun demon (Depths:3)
  2 soul eaters (Depths:2)
  A hell knight (Vaults:1)
  3 deep elf knights
  2 skeletal warriors
  An iron troll (Depths:1)
  A skyshark (Lair:1)
  A pharaoh ant (Spider:1)
  A spectral spark wasp (Depths:2)
  A spark wasp zombie (Depths:3)
  22 deep trolls
  A spriggan druid (Swamp:4)
  4 bog bodies (Swamp:4)
  6 swamp dragons (Swamp:4)
  3 glowing orange brains
  2 flayed ghosts
  4 arcanists
  7 deep elf archers
  2 phantasmal warriors
  4 ironbound convokers
  6 lindwurms
  A harpy (Vaults:2)
  7 orc knights
  6 wolf spiders
  9 deep elf pyromancers
  An elf skeleton (Vaults:4)
  20 deep elf zephyrmancers
  An orc sorcerer (Orc:2)
  26 ugly things
  A will-o-the-wisp (Swamp:4)
  A spectral boulder beetle (Lair:3)
  3 moths of wrath
  5 cyclopes
  A shining eye (shapeshifter) (Depths:3)
  A manticore (D:12)
  8 elephants
  12 vault sentinels
  2 torpor snails (Lair:5)
  A centaur skeleton (D:14)
  A titan simulacrum (Depths:2)
  A cane toad (Lair:4)
  A storm dragon simulacrum (Depths:2)
  4 rime drakes
  A gargoyle (D:12)
  6 yaktaurs
  2 tengu conjurers (Depths:2)
  A freezing wraith (Vaults:1)
  Psyche (D:12)
  A troll (D:11)
  A raiju (shapeshifter) (D:14)
  6 jumping spiders (Spider:1)
  15 slime creatures
  3 culicivoras (Spider:2)
  A spectral black mamba (Lair:3)
  4 air elementals
  7 yaks
  2 water elementals
  3 wraiths
  2 basilisks (Lair:5)
  2 wargs
  12 redbacks
  A fire elemental (Elf:2)
  A steam dragon (Lair:5)
  A vampire mosquito (D:11)
  3 hell hounds (Zot:5)
  2 swamp drakes (Swamp:4)
  2 orc warriors
  4 wolves
  A glowing shapeshifter simulacrum (Depths:2)
  An earth elemental (Elf:2)
  A killer bee (Lair:2)
  3 orc priests
  4 orc wizards (Orc:2)
  A gnoll (D:11)
  A shadow imp (D:8)
  3 orcs
514 creatures vanquished.

Vanquished Creatures (others)
  A golden dragon (Zot:2)
  A quicksilver dragon (Zot:2)
  A sphinx (Zot:1)
  A draconian monk (Zot:1)
  A ghost moth (Zot:1)
  An eleionoma (Swamp:4)
  A deep troll (Vaults:2)
  2 orb spiders (Zot:2)
  A swamp dragon (Swamp:4)
  2 ugly things (Zot:2)
  2 deep elf pyromancers (Elf:1)
  A moth of wrath (Zot:2)
  A yaktaur (Vaults:4)
  An air elemental (Elf:2)
  A swamp dragon simulacrum (Swamp:4)
  2 foxfires (Swamp:4)
  259 fulminant prisms
279 creatures vanquished.

Grand Total: 2588 creatures vanquished

Table legend: (Time is in decaauts)
 A = Elapsed time spent in this place.
 B = Non-inter-level travel time spent in this place.
 C = Inter-level travel time spent in this place.
 D = Time resting spent in this place.
 E = Time spent auto-exploring this place.
 F = Levels seen in this place.
 G = Mean time per level.
                   A        B        C        D        E       F      G
               +--------+--------+--------+--------+--------+-----+--------+
         Total | 114171 | 105145 |   9026 |  33424 |  54203 |  56 | 2038.8 |
       Dungeon |  25346 |  21726 |   3620 |   4228 |  14389 |  15 | 1689.7 |
          Lair |  10546 |   9785 |    761 |   1733 |   6781 |   5 | 2109.2 |
         Swamp |   6050 |   5864 |    186 |   2830 |   2324 |   4 | 1512.5 |
   Spider Nest |   9711 |   9163 |    548 |   4891 |   3143 |   4 | 2427.8 |
  Orcish Mines |   3615 |   3242 |    373 |   1313 |   1498 |   2 | 1807.5 |
   Elven Halls |   7523 |   7012 |    511 |   1155 |   4503 |   3 | 2507.7 |
        Vaults |  17653 |  16622 |   1031 |   5020 |   8391 |   5 | 3530.6 |
        Depths |  15372 |  14454 |    918 |   4201 |   8205 |   4 | 3843.0 |
           Zot |  15098 |  14023 |   1075 |   6130 |   4462 |   5 | 3019.6 |
      Ziggurat |    898 |    898 |      0 |    681 |      0 |   6 |  149.7 |
        Bazaar |     17 |     17 |      0 |      0 |      9 |   1 |   17.0 |
       Ossuary |    855 |    855 |      0 |    455 |    127 |   1 |  855.0 |
        Bailey |   1481 |   1481 |      0 |    784 |    367 |   1 | 1481.0 |
               +--------+--------+--------+--------+--------+-----+--------+

Top non-repeatable levels by time:
Depths:3: 4824 daAuts
Depths:2: 4399 daAuts
Vaults:4: 3897 daAuts
Vaults:3: 3814 daAuts
Vaults:5: 3743 daAuts
Vaults:2: 3706 daAuts
   Zot:2: 3384 daAuts
  Lair:5: 3381 daAuts
   Zot:1: 3235 daAuts
    D:14: 3168 daAuts
   Zot:5: 3164 daAuts
Depths:4: 3116 daAuts
   Elf:3: 3035 daAuts
Depths:1: 3031 daAuts
   Zot:3: 3014 daAuts

Table legend:
 A = Non-vault XP
 B = Vault XP
 C = Vault XP percentage of total XP
 D = Non-vault monster count
 E = Vault monster count
 F = Vault count percentage of total count
                 A         B        C        D         E       F
            +---------+---------+-------+---------+---------+-------
      Total |  713295 |  682116 |  48.9 |    1376 |     906 |  39.7
            +---------+---------+-------+---------+---------+-------
        D:1 |      47 |       2 |   4.1 |      19 |       1 |   5.0
        D:2 |     143 |     295 |  67.4 |      16 |      12 |  42.9
        D:3 |      45 |       0 |   0.0 |      19 |       0 |   0.0
        D:4 |     550 |       2 |   0.4 |      14 |       1 |   6.7
        D:5 |     576 |     603 |  51.1 |      21 |      15 |  41.7
        D:6 |     808 |     435 |  35.0 |      21 |       2 |   8.7
        D:7 |    1507 |     763 |  33.6 |      19 |      18 |  48.6
        D:8 |    2615 |       0 |   0.0 |      28 |       0 |   0.0
        D:9 |    3088 |     938 |  23.3 |      24 |      12 |  33.3
       D:10 |    1192 |     831 |  41.1 |      26 |       1 |   3.7
       D:11 |    2996 |    5263 |  63.7 |      16 |      28 |  63.6
       D:12 |    4158 |     340 |   7.6 |      16 |       1 |   5.9
       D:13 |    3683 |     784 |  17.6 |       9 |       1 |  10.0
       D:14 |    7071 |   11310 |  61.5 |      18 |      25 |  58.1
       D:15 |   18177 |    1771 |   8.9 |      30 |       2 |   6.2
     Lair:1 |    4528 |    6058 |  57.2 |      19 |      20 |  51.3
     Lair:2 |    2029 |    4268 |  67.8 |       6 |      18 |  75.0
     Lair:3 |    4880 |    1606 |  24.8 |      24 |       3 |  11.1
     Lair:4 |    3563 |    2903 |  44.9 |      17 |       7 |  29.2
     Lair:5 |   12104 |   13417 |  52.6 |      36 |      44 |  55.0
    Swamp:1 |    7481 |    1376 |  15.5 |      19 |       3 |  13.6
    Swamp:2 |   13050 |       0 |   0.0 |      24 |       0 |   0.0
    Swamp:3 |    7939 |       0 |   0.0 |      16 |       0 |   0.0
    Swamp:4 |   18349 |   20737 |  53.1 |      27 |      33 |  55.0
   Spider:1 |   19863 |       0 |   0.0 |      66 |       0 |   0.0
   Spider:2 |   15354 |    4773 |  23.7 |      41 |       4 |   8.9
   Spider:3 |   28467 |       0 |   0.0 |      74 |       0 |   0.0
   Spider:4 |   15354 |   20076 |  56.7 |      37 |      37 |  50.0
      Orc:1 |    4187 |    1740 |  29.4 |      21 |       5 |  19.2
      Orc:2 |    4290 |    8433 |  66.3 |      32 |      23 |  41.8
      Elf:1 |   17625 |   16007 |  47.6 |      29 |      23 |  44.2
      Elf:2 |   24229 |   12312 |  33.7 |      41 |      19 |  31.7
      Elf:3 |   21841 |   31254 |  58.9 |      43 |      27 |  38.6
   Vaults:1 |   26666 |   11867 |  30.8 |      45 |      11 |  19.6
   Vaults:2 |   33443 |   28521 |  46.0 |      47 |      36 |  43.4
   Vaults:3 |   36670 |   21998 |  37.5 |      52 |      24 |  31.6
   Vaults:4 |   22378 |   27985 |  55.6 |      34 |      35 |  50.7
   Vaults:5 |   19915 |   93521 |  82.4 |      33 |      81 |  71.1
   Depths:1 |   36167 |    2920 |   7.5 |      40 |       4 |   9.1
   Depths:2 |       0 |   87729 | 100.0 |       0 |     107 | 100.0
   Depths:3 |   40352 |   32837 |  44.9 |      47 |      32 |  40.5
   Depths:4 |   24011 |   28503 |  54.3 |      25 |      21 |  45.7
      Zot:1 |   35263 |   33730 |  48.9 |      33 |      30 |  47.6
      Zot:2 |   52589 |   36861 |  41.2 |      45 |      24 |  34.8
      Zot:3 |   43663 |    8096 |  15.6 |      36 |       5 |  12.2
      Zot:4 |   22179 |    9749 |  30.5 |      15 |       8 |  34.8
      Zot:5 |   22731 |   83605 |  78.6 |      18 |      36 |  66.7
      Zig:1 |    1033 |       0 |   0.0 |       2 |       0 |   0.0
      Zig:2 |    2034 |       0 |   0.0 |       2 |       0 |   0.0
      Zig:3 |    5125 |       0 |   0.0 |       3 |       0 |   0.0
      Zig:4 |    4309 |       0 |   0.0 |       4 |       0 |   0.0
      Zig:5 |    6566 |    2642 |  28.7 |      13 |       4 |  23.5
      Zig:6 |    6412 |       0 |   0.0 |      14 |       0 |   0.0
    Ossuary |       0 |     366 | 100.0 |       0 |      24 | 100.0
     Bailey |       0 |    2889 | 100.0 |       0 |      39 | 100.0
            +---------+---------+-------+---------+---------+-------
